TOP OF THE 1ST |
Austin River Sharks batting - Pitching for Pocatello Boccabellas : LHP Osvaldo Cruz
|
Pitching: LHP Osvaldo Cruz
|
|
Batting: RHB Tyler Wagner
|
0-0: Foul Ball, location: 2F 0-1: Ground out 5-3 (Groundball, 56)
|
Batting: RHB Orlando Bruno
|
0-0: Ground out 5-3 (Groundball, 56S)
|
Batting: RHB Kenneth Roberts
|
0-0: Ball 1-0: Foul Ball, location: 2F 1-1: Swinging Strike 1-2: Ball 2-2: Ball 3-2: Strikes out looking
|
Top of the 1st over - 0 run(s), 0 hit(s), 0 error(s), 0 left on base; Austin 0 - Pocatello 0 |
BOTTOM OF THE 1ST |
Pocatello Boccabellas batting - Pitching for Austin River Sharks : RHP Esteban Alfonzo
|
Pitching: RHP Esteban Alfonzo
|
|
Batting: RHB José García
|
0-0: Ball 1-0: Foul Ball, location: 2F 1-1: Ball 2-1: Swinging Strike 2-2: Ball 3-2: Base on Balls
|
Batting: LHB Norberto Muńóz
|
0-0: Called Strike 0-1: Ball 1-1: Foul Ball, location: 2F 1-2: Foul Ball, location: 2F 1-2: Ball 2-2: Ball 3-2: Grounds into double play, 5-4-3 (Groundball, 56)
|
Batting: LHB Juan Cortés
|
0-0: Foul Ball, location: 2F 0-1: Ball 1-1: Ball 2-1: Foul Ball, location: 2F 2-2: Foul Ball, location: 2F 2-2: Ground out 5-3 (Groundball, 56)
|
Bottom of the 1st over - 0 run(s), 0 hit(s), 0 error(s), 0 left on base; Austin 0 - Pocatello 0 |
TOP OF THE 2ND |
Austin River Sharks batting - Pitching for Pocatello Boccabellas : LHP Osvaldo Cruz
|
Batting: SHB Juan Castro
|
0-0: Called Strike 0-1: Ball 1-1: Ball 2-1: SOLO HOME RUN (Line Drive, 7D), Distance : 382 ft
|
Batting: LHB Pedro Zaragoza
|
0-0: Ball 1-0: Called Strike 1-1: Ball 2-1: Ball 3-1: Called Strike 3-2: Reached on error, E3 (Groundball, 3)
|
Batting: LHB Terry Maloney
|
0-0: Fly out, F8 (Flyball, 89D) Runner from 1st tags up, SAFE at 2nd
|
Batting: RHB Carlos Pérez
|
0-0: Ball 1-0: Called Strike 1-1: Ball 2-1: Ball 3-1: SINGLE (Flyball, 9LS) Pedro Zaragoza to third
|
Batting: SHB John Miller
|
0-0: Called Strike 0-1: Ball Carlos Pérez is caught stealing 2nd base 1-1: Foul Ball, location: 2F 1-2: Foul Ball, location: 2F 1-2: Ground out 6-3 (Groundball, 6)
|
Top of the 2nd over - 1 run(s), 2 hit(s), 1 error(s), 1 left on base; Austin 1 - Pocatello 0 |
BOTTOM OF THE 2ND |
Pocatello Boccabellas batting - Pitching for Austin River Sharks : RHP Esteban Alfonzo
|
Batting: SHB Glenn Vadnais
|
0-0: Ball 1-0: Ball 2-0: Ball 3-0: Base on Balls
|
Batting: RHB Francisco Sandoval
|
0-0: Ball 1-0: Ball 2-0: Ball 3-0: Called Strike 3-1: Base on Balls Glenn Vadnais to second
|
Batting: RHB Pedro Guzmán
|
0-0: Foul Ball, location: 2F 0-1: Grounds into double play, U4-3 (Groundball, 4M) Glenn Vadnais to third
|
Batting: SHB Guillermo Ortíz
|
0-0: Ball 1-0: Swinging Strike 1-1: Swinging Strike 1-2: Strikes out swinging
|
Bottom of the 2nd over - 0 run(s), 0 hit(s), 0 error(s), 1 left on base; Austin 1 - Pocatello 0 |
TOP OF THE 3RD |
Austin River Sharks batting - Pitching for Pocatello Boccabellas : LHP Osvaldo Cruz
|
Batting: LHB Bruno Lalonde
|
0-0: Foul Ball, location: 2F 0-1: Foul Ball, location: 2F 0-2: Strikes out swinging
|
Batting: RHB Tyler Wagner
|
0-0: Ball 1-0: Swinging Strike 1-1: Called Strike 1-2: Foul Ball, location: 2F 1-2: Ball 2-2: Ball 3-2: Base on Balls
|
Batting: RHB Orlando Bruno
|
0-0: Ball 1-0: Fielders Choice at 2nd, 5-4 (Groundball, 5L)
|
Batting: RHB Kenneth Roberts
|
0-0: Ball 1-0: Foul Ball, location: 2F 1-1: Fly out, F9 (Line Drive, 9M)
|
Top of the 3rd over - 0 run(s), 0 hit(s), 0 error(s), 1 left on base; Austin 1 - Pocatello 0 |
BOTTOM OF THE 3RD |
Pocatello Boccabellas batting - Pitching for Austin River Sharks : RHP Esteban Alfonzo
|
Batting: RHB Chris Parker
|
0-0: Ball 1-0: Foul Ball, location: 2F 1-1: Ground out 3-1 (Groundball, 34)
|
Batting: RHB Fabrice Brodeur
|
0-0: Called Strike 0-1: Ball 1-1: Swinging Strike 1-2: Ball 2-2: Strikes out swinging
|
Batting: RHB José García
|
0-0: Called Strike 0-1: Ball 1-1: Ball 2-1: Foul Ball, location: 2F 2-2: Ball 3-2: Base on Balls
|
Batting: LHB Norberto Muńóz
|
0-0: Called Strike 0-1: Ball 1-1: Swinging Strike 1-2: Fly out, F9 (Line Drive, 89M)
|
Bottom of the 3rd over - 0 run(s), 0 hit(s), 0 error(s), 1 left on base; Austin 1 - Pocatello 0 |
TOP OF THE 4TH |
Austin River Sharks batting - Pitching for Pocatello Boccabellas : LHP Osvaldo Cruz
|
Batting: SHB Juan Castro
|
0-0: Called Strike 0-1: Ball 1-1: Ball 2-1: Swinging Strike 2-2: Strikes out swinging
|
Batting: LHB Pedro Zaragoza
|
0-0: Called Strike 0-1: Ball 1-1: Swinging Strike 1-2: Strikes out swinging
|
Batting: LHB Terry Maloney
|
0-0: Ball 1-0: Called Strike 1-1: Ball 2-1: Called Strike 2-2: Strikes out swinging
|
Top of the 4th over - 0 run(s), 0 hit(s), 0 error(s), 0 left on base; Austin 1 - Pocatello 0 |
BOTTOM OF THE 4TH |
Pocatello Boccabellas batting - Pitching for Austin River Sharks : RHP Esteban Alfonzo
|
Batting: LHB Juan Cortés
|
0-0: Called Strike 0-1: Ball 1-1: Ground out 1-3 (Groundball, 25)
|
Batting: SHB Glenn Vadnais
|
0-0: Called Strike 0-1: Ball 1-1: Called Strike 1-2: Ground out 4-3 (Groundball, 4M)
|
Batting: RHB Francisco Sandoval
|
0-0: Called Strike 0-1: Ball 1-1: Ball 2-1: Ground out 6-3 (Groundball, 6)
|
Bottom of the 4th over - 0 run(s), 0 hit(s), 0 error(s), 0 left on base; Austin 1 - Pocatello 0 |
TOP OF THE 5TH |
Austin River Sharks batting - Pitching for Pocatello Boccabellas : LHP Osvaldo Cruz
|
Batting: RHB Carlos Pérez
|
0-0: Ground out 4-3 (Groundball, 13)
|
Batting: SHB John Miller
|
0-0: Foul Ball, location: 2F 0-1: Ball 1-1: Ground out 6-3 (Groundball, 6)
|
Batting: LHB Bruno Lalonde
|
0-0: Swinging Strike 0-1: Fly out, F6 (Line Drive, 6M)
|
Top of the 5th over - 0 run(s), 0 hit(s), 0 error(s), 0 left on base; Austin 1 - Pocatello 0 |
BOTTOM OF THE 5TH |
Pocatello Boccabellas batting - Pitching for Austin River Sharks : RHP Esteban Alfonzo
|
Batting: RHB Pedro Guzmán
|
0-0: Called Strike 0-1: DOUBLE (Line Drive, 5D)
|
Batting: SHB Guillermo Ortíz
|
0-0: Ball 1-0: Ball 2-0: Ball 3-0: Base on Balls
|
Batting: RHB Chris Parker
|
0-0: Ball Wild Pitch! Pedro Guzmán to third Guillermo Ortíz to second 1-0: Ball 2-0: Foul Ball, location: 2F 2-1: Foul Ball, location: 2F 2-2: Foul Ball, location: 2F 2-2: Foul Ball, location: 2F 2-2: Foul Ball, location: 2F 2-2: Ball 3-2: Fly out, F5 (Line Drive, 5)
|
Batting: RHB Fabrice Brodeur
|
0-0: Called Strike 0-1: Fly out, F7 (Flyball, 7LM) Runner from 3rd tags up, SCORES, throw made
|
Batting: RHB José García
|
0-0: Called Strike 0-1: SINGLE (Line Drive, 9LM) Guillermo Ortíz to third Runner from 3rd tries for Home, SAFE, no throw or cutoff
|
Batting: LHB Norberto Muńóz
|
0-0: Hit by Pitch José García to second
|
Batting: LHB Juan Cortés
|
0-0: Ball 1-0: Ball 2-0: Foul Ball, location: 2F 2-1: Ground out 4-3 (Groundball, 4)
|
Bottom of the 5th over - 2 run(s), 2 hit(s), 0 error(s), 2 left on base; Austin 1 - Pocatello 2 |
TOP OF THE 6TH |
Austin River Sharks batting - Pitching for Pocatello Boccabellas : LHP Osvaldo Cruz
|
Batting: RHB Tyler Wagner
|
0-0: Ball 1-0: Swinging Strike 1-1: Called Strike Reached via error on a dropped throw, E3
|
Batting: RHB Orlando Bruno
|
0-0: Foul Ball, location: 2F 0-1: Called Strike 0-2: Ball 1-2: Foul Ball, location: 2F 1-2: Ground out 5-3 (Groundball, 5S) Tyler Wagner to second
|
Batting: RHB Kenneth Roberts
|
0-0: Ball 1-0: Called Strike 1-1: Foul Ball, location: 2F 1-2: Ground out 5-3 (Groundball, 6S) Tyler Wagner to third
|
Batting: SHB Juan Castro
|
0-0: Ball 1-0: Foul Ball, location: 2F 1-1: SINGLE (Line Drive, 56D) Tyler Wagner scores
|
Batting: LHB Pedro Zaragoza
|
0-0: Called Strike 0-1: Called Strike 0-2: Strikes out swinging
|
Top of the 6th over - 1 run(s), 1 hit(s), 1 error(s), 1 left on base; Austin 2 - Pocatello 2 |
BOTTOM OF THE 6TH |
Pocatello Boccabellas batting - Pitching for Austin River Sharks : RHP Esteban Alfonzo
|
Pitching: RHP Lorenzo Vargas
|
|
Batting: SHB Glenn Vadnais
|
0-0: Swinging Strike 0-1: Foul Ball, location: 2F 0-2: Ball 1-2: Fly out, F7 (Flyball, 7D)
|
Batting: RHB Francisco Sandoval
|
0-0: Ball 1-0: Ball 2-0: Fly out, F6 (Popup, 6D)
|
Batting: RHB Pedro Guzmán
|
0-0: Called Strike 0-1: Foul Ball, location: 2F 0-2: Ball 1-2: Strikes out looking
|
Bottom of the 6th over - 0 run(s), 0 hit(s), 0 error(s), 0 left on base; Austin 2 - Pocatello 2 |
TOP OF THE 7TH |
Austin River Sharks batting - Pitching for Pocatello Boccabellas : LHP Osvaldo Cruz
|
Pitching: RHP Jaime Espinoza
|
|
Batting: LHB Terry Maloney
|
0-0: SINGLE (Line Drive, 4MD)
|
Batting: RHB Carlos Pérez
|
0-0: SINGLE (Line Drive, 3) Terry Maloney to second
|
Batting: SHB John Miller
|
0-0: Ball 1-0: Ball 2-0: Sac Bunt - play at first, batter OUT! 5-4 Terry Maloney to third Carlos Pérez to second
|
Batting: LHB Bruno Lalonde
|
0-0: Called Strike 0-1: Ball 1-1: Swinging Strike 1-2: Strikes out looking
|
Batting: RHB Tyler Wagner
|
0-0: Swinging Strike 0-1: Fly out, F9 (Flyball, 9D)
|
Top of the 7th over - 0 run(s), 2 hit(s), 0 error(s), 2 left on base; Austin 2 - Pocatello 2 |
BOTTOM OF THE 7TH |
Pocatello Boccabellas batting - Pitching for Austin River Sharks : RHP Lorenzo Vargas
|
Batting: SHB Guillermo Ortíz
|
0-0: Foul Ball, location: 2F 0-1: Ball 1-1: Ball 2-1: Foul Ball, location: 2F 2-2: Strikes out looking
|
Batting: RHB Chris Parker
|
0-0: Ball 1-0: Fly out, F3 (Popup, 3DF)
|
Batting: RHB Fabrice Brodeur
|
0-0: Swinging Strike 0-1: Swinging Strike 0-2: Foul Ball, location: 2F 0-2: Foul Ball, location: 2F 0-2: Ball 1-2: Foul Ball, location: 2F 1-2: Strikes out looking
|
Bottom of the 7th over - 0 run(s), 0 hit(s), 0 error(s), 0 left on base; Austin 2 - Pocatello 2 |
TOP OF THE 8TH |
Austin River Sharks batting - Pitching for Pocatello Boccabellas : RHP Jaime Espinoza
|
Batting: RHB Orlando Bruno
|
0-0: Swinging Strike 0-1: Foul Ball, location: 2F 0-2: Ball 1-2: Strikes out looking
|
Batting: RHB Kenneth Roberts
|
0-0: Ball 1-0: Called Strike 1-1: Ball 2-1: Ball 3-1: Called Strike 3-2: Strikes out swinging
|
Batting: SHB Juan Castro
|
0-0: Called Strike 0-1: Foul Ball, location: 2F 0-2: Ball 1-2: Strikes out swinging
|
Top of the 8th over - 0 run(s), 0 hit(s), 0 error(s), 0 left on base; Austin 2 - Pocatello 2 |
BOTTOM OF THE 8TH |
Pocatello Boccabellas batting - Pitching for Austin River Sharks : RHP Lorenzo Vargas
|
Pitching: RHP Ramón Estrada
|
|
Batting: RHB José García
|
0-0: Swinging Strike 0-1: Ground out 1-3 (Groundball, 13S)
|
Batting: LHB Norberto Muńóz
|
0-0: Ball 1-0: Foul Ball, location: 2F 1-1: Called Strike 1-2: Ground out U3 (Groundball, 3)
|
Batting: LHB Juan Cortés
|
0-0: Ball 1-0: Ground out 5-3 (Groundball, 5)
|
Bottom of the 8th over - 0 run(s), 0 hit(s), 0 error(s), 0 left on base; Austin 2 - Pocatello 2 |
TOP OF THE 9TH |
Austin River Sharks batting - Pitching for Pocatello Boccabellas : RHP Jaime Espinoza
|
Pitching: RHP Adrián Martínez
|
|
Batting: LHB Pedro Zaragoza
|
0-0: Ground out 4-3 (Groundball, 4)
|
Batting: LHB Terry Maloney
|
0-0: Ball 1-0: Swinging Strike 1-1: Called Strike 1-2: Strikes out looking
|
Batting: RHB Carlos Pérez
|
0-0: SINGLE (Groundball, 4M)
|
Batting: SHB John Miller
|
0-0: Ball Carlos Pérez is caught stealing 2nd base
|
Top of the 9th over - 0 run(s), 1 hit(s), 0 error(s), 0 left on base; Austin 2 - Pocatello 2 |
BOTTOM OF THE 9TH |
Pocatello Boccabellas batting - Pitching for Austin River Sharks : RHP Ramón Estrada
|
Batting: SHB Glenn Vadnais
|
0-0: Ball 1-0: Ball 2-0: Called Strike 2-1: Ground out 1-3 (Groundball, 13S)
|
Batting: RHB Francisco Sandoval
|
0-0: Called Strike 0-1: Ball 1-1: Ball 2-1: Ball 3-1: Fly out, F4 (Popup, 4D)
|
Batting: RHB Pedro Guzmán
|
0-0: Called Strike 0-1: Ball 1-1: Ball 2-1: Called Strike 2-2: SOLO HOME RUN (Flyball, 8LXD), Distance : 457 ft
|
Monday, December 5th, 2016 - OOTP Baseball 17.12 Build 75
|
|